 Dungeon Crawl Stone Soup version 0.29.1-1-gd02db69 (webtiles) character file.

Game seed: 2391361226358915199

2568 Kel the Severer (level 9, 0/72 HPs)
             Began as a Hill Orc Berserker on Nov 25, 2022.
             Was an Elder of Trog.
             Slain by a wight
             ... wielding a +3 flail
              (10 damage)
             ... on level 8 of the Dungeon.
             The game lasted 00:10:10 (6911 turns).

Kel the Severer (Hill Orc Berserker)                Turns: 6911, Time: 00:10:10

Health: 0/72       AC: 13    Str: 24    XL:     9   Next: 57%
Magic:  9/9        EV:  8    Int:  7    God:    Trog [****..]
Gold:   355        SH:  5    Dex: 10    Spells: 8/8 levels left

rFire   . . .      SeeInvis .   e - +0 war axe
rCold   . . .      Faith    .   (no shield)
rNeg    . . .      Spirit   .   h - +0 chain mail
rPois   .          Reflect  +   c - +2 helmet
rElec   .          Harm     .   (no cloak)
rCorr   .          Rampage  .   (no gloves)
Will    .....                   a - +0 pair of boots
Stlth   ..........              l - amulet of reflection
HPRegen 0.22/turn               (no ring)
MPRegen 0.11/turn               (no ring)

@: no status effects
A: no striking features
a: Renounce Religion, Berserk, Trog's Hand, Brothers in Arms


You were on level 8 of the Dungeon.
You worshipped Trog.
Trog was greatly pleased with you.
You visited 1 branch of the dungeon, and saw 8 of its levels.

You collected 355 gold pieces.

Inventory:

Hand Weapons
 e - a +0 war axe (weapon)
Missiles
 d - a throwing net (quivered)
Armour
 a - a +0 pair of boots (worn)
 c - a +2 helmet (worn)
 h - a +0 chain mail (worn)
Jewellery
 l - an amulet of reflection (around neck)
Wands
 r - a wand of paralysis (8)
 s - a wand of quicksilver (7)
 A - a wand of digging (5)
Scrolls
 f - 5 scrolls of identify {unknown}
 g - a scroll of poison {unknown}
 j - 2 scrolls of vulnerability {unknown}
 n - a scroll of enchant armour {unknown}
 o - a scroll of noise {unknown}
 q - 7 scrolls of teleportation {unknown}
 u - a scroll of enchant weapon {unknown}
 w - a scroll of magic mapping {unknown}
 y - a scroll of fear {unknown}
 z - a scroll of immolation {unknown}
Potions
 b - 7 potions of curing {unknown}
 i - 2 potions of resistance {unknown}
 k - 4 potions of brilliance {unknown}
 m - a potion of berserk rage {unknown}
 p - a potion of heal wounds {unknown}
 t - a potion of mutation {unknown}
 v - 4 potions of ambrosia {unknown}
 x - a potion of cancellation {unknown}


   Skills:
 + Level 4.4 Fighting
 - Level 16.0 Axes
 + Level 3.1 Armour
 - Level 1.8 Dodging


You had 8 spell levels left.
You didn't know any spells.
Your spell library was empty.

Dungeon Overview and Level Annotations

Branches:
Dungeon (8/15)             Temple (0/1) D:4
   Lair: D:8-11

Altars:
Elyvilon
Hepliaklqana
Makhleb
Okawaru
Ru
Sif Muna
Vehumet
Wu Jian
The Shining One

Shops:
D:6 !   D:7 (:**


Message History

The wight freezes you.
You slash the wight!
The wight is severely damaged.
The electric eel shoots out a bolt of lightning at you!
The bolt of electricity hits the plant!
The bolt of electricity hits the electric eel.
The electric eel completely resists.
The bolt of electricity hits you!
The electric eel shoots out a bolt of lightning at you!
The bolt of electricity hits you!
You are too injured to fight recklessly!
You are too injured to fight recklessly!
You are too injured to fight recklessly!
You are too injured to fight recklessly!
You hit the wight but do no damage.
The wight is severely damaged.
The wight barely misses you.
The electric eel shoots out a bolt of lightning at you!
The bolt of electricity hits the plant!
The bolt of electricity hits the electric eel.
The electric eel completely resists.
The bolt of electricity hits you.
You hit the wight.
The wight is severely damaged.
The wight barely misses you.
A wight comes into view. It is wielding a +3 hand axe.
You slash the wight!
You destroy the wight!
Trog accepts your kill.
You slash the wight!
The electric eel shoots out a bolt of lightning at you!
The bolt of electricity hits you!
* * * LOW HITPOINT WARNING * * *
The wight hits you with a +3 flail!
* * * LOW HITPOINT WARNING * * *
Your life force feels restored.
Your Armour skill increases to level 3!
The wight attacks as you move away! The wight hits you but does no damage.
A nearby plant withers and dies.
You see here a lumpy green potion.
The wight attacks as you move away! The wight hits you with a +3 flail!
You die...

~~~ P~~~ ~P~ ♣~~
~~♣~♣
~~~P~######### ≈
♣~.<.....# ≈≈~
♣~.@.....#
≈≈≈~P♣♣.z?....#
≈≈≈~PSS.).....#
≈≈≈≈~♣~...?..?#
≈≈≈≈P~♣.......#
≈≈≈≈~♣~.........
≈≈~~~♣♣.........
≈≈~~ ♣##.z.....
≈≈~~ .......


You could see 2 electric eels and 2 wights.

Vanquished Creatures
  Maggie (D:7)
  Prince Ribbit (D:5)
  Sigmund (D:5)
  The ghost of crazyjoe98 the Digger, an amateur DEEE of Gozag (D:4)
  A wyvern (D:7)
  3 water moccasins
  Duvessa (D:5)
  An ice beast (D:7)
  Blork the orc (D:4)
  2 kobold brigands
  A scorpion (D:5)
  3 wights
  Dowan (D:5)
  3 jellies
  4 hounds
  An orc priest (D:7)
  3 iguanas
  3 orc wizards
  9 adders
  2 white imps (D:6)
  2 ufetubi (D:6)
  3 worms
  19 orcs
  6 endoplasms
  6 giant cockroaches
  13 goblins
  10 hobgoblins
  5 jackals
  21 kobolds
  6 quokkas
  3 ball pythons
  4 bats
  6 frilled lizards
  5 rats
152 creatures vanquished.

Vanquished Creatures (others)
  7 plants
7 creatures vanquished.

Grand Total: 159 creatures vanquished

Notes
Turn   | Place    | Note
-------+----------+-------------------------------------------
     0 | D:1      | Kel the Hill Orc Berserker began the quest for the Orb.
     0 | D:1      | Reached XP level 1. HP: 19/19 MP: 1/1
   379 | D:1      | Reached XP level 2. HP: 27/27 MP: 2/2
   578 | D:1      | Reached XP level 3. HP: 29/33 MP: 3/3
   965 | D:2      | Reached skill level 5 in Axes
   985 | D:2      | Reached ** piety under Trog
  1759 | D:3      | Found a radiant altar of Vehumet.
  1928 | D:3      | Reached XP level 4. HP: 27/40 MP: 4/4
  2107 | D:3      | Found a glowing golden altar of the Shining One.
  2182 | D:3      | Reached skill level 6 in Axes
  2340 | D:3      | Found a faded altar of an unknown god.
  2605 | D:4      | Found a shimmering blue altar of Sif Muna.
  2753 | D:4      | Noticed Blork the orc
  2757 | D:4      | Noticed a water moccasin
  2758 | D:4      | Reached XP level 5. HP: 40/46 MP: 5/5
  2762 | D:4      | Killed Blork the orc
  2763 | D:4      | Reached skill level 7 in Axes
  2780 | D:4      | Killed a water moccasin
  2781 | D:4      | Reached skill level 8 in Axes
  2781 | D:4      | Reached XP level 6. HP: 12/52 MP: 6/6
  3165 | D:4      | Found a glowing drain.
  3181 | D:4      | Reached skill level 9 in Axes
  3350 | D:4      | Found a staircase to the Ecumenical Temple.
  3618 | D:4      | Found a runed translucent gate.
  3619 | D:4      | Found a runed translucent gate.
  3620 | D:4      | Found a runed translucent gate.
  3620 | D:4      | Noticed crazyjoe98's ghost (amateur DEEE)
  3633 | D:4      | Reached XP level 7. HP: 58/58 MP: 7/7
  3634 | D:4      | Killed crazyjoe98's ghost
  3635 | D:4      | Reached skill level 10 in Axes
  3807 | D:5      | Entered Level 5 of the Dungeon
  3885 | D:5      | Reached *** piety under Trog
  4000 | D:5      | Noticed Duvessa
  4005 | D:5      | Noticed Dowan
  4012 | D:5      | Reached skill level 11 in Axes
  4015 | D:5      | Killed Duvessa
  4015 | D:5      | Killed Dowan
  4016 | D:5      | Reached skill level 12 in Axes
  4016 | D:5      | Reached XP level 8. HP: 66/66 MP: 8/8
  4191 | D:5      | Noticed Sigmund
  4212 | D:5      | Killed Sigmund
  4432 | D:5      | Found a faded altar of an unknown god.
  4432 | D:5      | Found a burning altar of Makhleb.
  4440 | D:5      | Found a faded altar of an unknown god.
  4442 | D:5      | Found an iron altar of Okawaru.
  4444 | D:5      | Found a white marble altar of Elyvilon.
  4532 | D:5      | Reached skill level 13 in Axes
  4723 | D:5      | Noticed Prince Ribbit
  4739 | D:5      | Killed Prince Ribbit
  5175 | D:6      | Found Suty's Distillery.
  5196 | D:6      | Reached skill level 14 in Axes
  5526 | D:6      | Reached XP level 9. HP: 71/71 MP: 9/9
  5659 | D:6      | Found an ornate altar of the Wu Jian Council.
  5812 | D:7      | Found a hazy altar of Hepliaklqana.
  5883 | D:7      | Reached skill level 15 in Axes
  5954 | D:7      | Found a sacrificial altar of Ru.
  6066 | D:7      | Found Quex Poy's Book Boutique.
  6086 | D:7      | Noticed Maggie
  6103 | D:7      | Killed Maggie
  6259 | D:7      | Found Veuwamal's Weapon Boutique.
  6416 | D:7      | Reached **** piety under Trog
  6423 | D:7      | Reached skill level 16 in Axes
  6508 | D:7      | Found Ifun's Assorted Antiques.
  6515 | D:7      | Found Pemmitecs's Assorted Antiques.
  6911 | D:8      | Slain by a wight

Illustrated notes

Levels and vault maps discovered:
D:1:      wander_arrival_lonely_grave, layout_rooms
D:2:      layout_basic, grunt_ministairs_13
D:3:      cheibrodos_greedy_goblins, layout_basic, mainiacjoe_overflow_brackets,
          lemuel_crystal_altar, dreamdust_ecumenical_altar_hidden_monk_grotto,
          serial_bayou_lagoon_a, minmay_increasing_density
D:4:      layout_cave_pods, mainiacjoe_overflow_small_starburst,
          minmay_temple_entry_hall, gup_sewer_entry_glass, serial_column_ruins,
          column_ruins_hut, column_ruins_grid_1, column_ruins_grid_1,
          column_ruins_open_large, column_ruins_grid_1, column_ruins_open_tiny,
          column_ruins_open_tiny, gammafunk_ghost_nasty_kobolds,
          uniq_blork_the_orc
D:5:      layout_cave_pods, chequers_temple_overflow_minitemple, uniq_sigmund,
          uniq_prince_ribbit1, uniq_duvessa
D:6:      layout_rooms, nicolae_wu_jian_wuxing_cycle, serial_shops,
          nicolae_shop_crystal
D:7:      layout_gridville, nicolae_hepliaklqana_hazy_memory,
          lemuel_doored_altar, serial_shops, shop, shop_statue, shop, shop,
          uniq_maggie
D:8:      layout_basic, yredelemnul_altar_generic,
          nicolae_qazlal_scattered_showers, bloody_trog, zin_statuary,
          amethyst_killhole, serial_bayou_lake_a

Skill      XL: |  1  2  3  4  5  6  7  8  9 |
---------------+----------------------------+-----
Axes           | 5 6 8 9 12 14 16 | 16.0
Fighting       | 4 |  4.4
Armour         | 3 |  3.1
Dodging        | |  1.8

Action                   |  1- 3 |  4- 6 |  7- 9 || total
-------------------------+-------+-------+-------++-------
Melee: Hand axe          |    18 |       |       ||    18
       War axe           |   117 |   126 |   202 ||   445
       Punch             |       |     2 |     2 ||     4
Invok: Berserk           |       |     2 |     2 ||     4
Armor: Animal skin       |    19 |       |       ||    19
       Chain mail        |    62 |    67 |    97 ||   226
Dodge: Dodged            |    71 |    52 |    68 ||   191
Block: Other             |       |    27 |    33 ||    60
